 Dungeon Crawl Stone Soup version 0.28-a0-1622-gc30f734a66 (webtiles) character file.

Game seed: 12471569170619130542

106 Lekart the Skirmisher (level 4, 0/40 HPs)
             Began as a Draconian Chaos Knight on Jan 23, 2022.
             Was a Plaything of Xom.
             Killed by nerve-wracking pain
             ... invoked by Grinder
              (8 damage)
             ... on level 3 of the Dungeon.
             The game lasted 00:05:22 (2826 turns).

Lekart the Skirmisher (Draconian Chaos Knight)      Turns: 2826, Time: 00:05:23

Health: 0/40       AC:  5    Str: 14    XL:     4   Next: 55%
Magic:  6/6        EV: 12    Int: 12    God:    Xom [...*..]
Gold:   105        SH:  0    Dex: 13    Spells: 5/5 levels left

rFire   . . .      SeeInvis .   a - +0 short sword (venom)
rCold   . . .      Faith    .   (no shield)
rNeg    . . .      Spirit   .   (armour unavailable)
rPois   .          Reflect  .   (helmet restricted)
rElec   .          Harm     .   (no cloak)
rCorr   .          Rampage  .   (no gloves)
Will    .....                   (no boots)
Stlth   +.........              (no amulet)
HPRegen 0.13/turn               (no ring)
MPRegen 0.10/turn               (no ring)

@: no status effects
A: AC +5, unfitting armour, cold-blooded
a: Renounce Religion


You were on level 3 of the Dungeon.
You worshipped Xom.
You were a favourite toy of Xom.
You visited 1 branch of the dungeon, and saw 3 of its levels.

You collected 105 gold pieces.

Inventory:

Hand Weapons
 a - a +0 short sword of venom (weapon)
Missiles
 b - 3 poisoned darts (quivered)
Scrolls
 d - a scroll of fear
 e - a scroll of teleportation {unknown}
Potions
 c - 2 potions of attraction {unknown}
 f - a potion of heal wounds {unknown}
 g - a potion of curing {unknown}


   Skills:
 + Level 4.2 Fighting
 + Level 4.0 Short Blades
 + Level 0.3 Throwing
 + Level 2.5 Dodging
 * Level 1.4 Spellcasting


You had 5 spell levels left.
You didn't know any spells.
Your spell library contained the following spells:

 Spells                   Type           Power      Damage    Failure   Level
 Magic Dart               Conj           0%         1d3       28%         1
 Call Imp                 Summ           0%         N/A       41%         2
 Mephitic Cloud           Conj/Pois/Air  0%         N/A       65%         3


Dungeon Overview and Level Annotations

Branches:
Dungeon (3/15)

Altars:
Qazlal
Xom

Annotations:
D:1 exclusion: downstairs
D:2 exclusion: downstairs
D:3 Grinder


Innate Abilities, Weirdness & Mutations

Your plain brown scales are hard. (AC +5)
You cannot fit into any form of body armour.
You are cold-blooded and may be slowed by cold attacks.


Message History

There is a stone staircase leading up here.
The gnoll barely misses you.
You climb upwards.
There is a stone staircase leading down here.
You start resting.
HP restored.
Press: ? - help, v - describe, . - travel A stone staircase leading down.
Placed new exclusion.
Reduced exclusion size to a single square.
(D) Dungeon
Where to? (Enter - D:3, ? - help)
There is a stone staircase leading down here.
You climb downwards.
There is a stone staircase leading up here.
No target in view!
Unknown command.
Found 6 gold pieces.
Grinder comes into view.
Grinder shouts!
You barely miss Grinder.
Grinder blinks!
Grinder gestures at you. Pain shoots through your body!
You barely miss Grinder. Grinder gestures at you.
You suddenly lose the ability to move!
Grinder hits you.
You writhe in agony. "Just a minor improvement..."
The orc hits you with a +4 short sword. Grinder hits you!
You writhe in agony.
Grinder blinks!
The orc barely misses you. The orc hits you with a +4 short sword.
* * * LOW HITPOINT WARNING * * *
The orc hits you with a +4 short sword.
* * * LOW HITPOINT WARNING * * *
You can move again.
You swap places.
Grinder gestures at you. Pain shoots through your body!
You die...
Xom roars with laughter!

..≈≈≈.go...#
.§#§§...'#.########.#
≈≈§#≈...<.....##....#
>_≈≈..........##....##
⌠.≈#..........##.b...
≈≈≈#..........##...##
≈§ #§.............b.#
. ≈≈.....#g#####b.b.#
.≈.§....##.....b@bb.#
....§≈....b.bo..5.<#
.###...b.##### #b.b.b#
.....bb.. ...........
............
.##..........
#.####.####.


You could see Grinder, a gnoll and an orc.

Vanquished Creatures
  4 gnolls
  3 adders
  2 dart slugs (D:1)
  An orc (D:3)
  5 endoplasms
  4 giant cockroaches
  A goblin (D:2)
  2 hobgoblins (D:1)
  4 kobolds
  2 quokkas
  4 ball pythons
  A bat (D:1)
  3 frilled lizards
36 creatures vanquished.

Notes
Turn   | Place    | Note
-------+----------+-------------------------------------------
     0 | D:1      | Lekart the Draconian Chaos Knight began the quest for the
                  | Orb.
     0 | D:1      | Reached XP level 1. HP: 19/19 MP: 1/1
    95 | D:1      | Reached XP level 2. HP: 21/26 MP: 2/2
   114 | D:1      | XOM: cloud trail
   620 | D:1      | XOM: potion effect (heal wounds)
   625 | D:1      | Reached XP level 3. HP: 33/33 MP: 2/4
   733 | D:1      | Found a faded altar of an unknown god.
  1366 | D:2      | Reached skill level 1 in Spellcasting
  1372 | D:2      | XOM: noise
  1393 | D:2      | XOM: divination: detect items
  2067 | D:2      | XOM: scenery: create altars
  2070 | D:2      | XOM: potion effect (brilliance)
  2072 | D:2      | XOM: cast spell 'Alistair's Intoxication'
  2079 | D:2      | Reached XP level 4. HP: 32/40 MP: 5/5
  2642 | D:3      | Found a stormy altar of Qazlal.
  2816 | D:3      | Noticed Grinder
  2820 | D:3      | Paralysed by Grinder for 5 turns
  2822 | D:3      | XOM: scenery: summon butterflies
  2826 | D:3      | Killed from afar by Grinder

Illustrated notes

Levels and vault maps discovered:
D:1:      wander_arrival_abandoned_jail, layout_basic,
          chequers_ecumenical_altar_twisty
D:2:      layout_basic
D:3:      layout_basic, nicolae_qazlal_general_emergency, uniq_grinder,
          uniq_ijyb, uniq_natasha

Skill      XL: |  1  2  3  4 |
---------------+-------------+-----
Spellcasting   | 1 |  1.4
Fighting       | 4 |  4.2
Short Blades   | 4 |  4.0
Throwing       | |  0.3
Dodging        | |  2.5

Action                   |  1- 3 |  4- 6 || total
-------------------------+-------+-------++-------
Melee: Short sword       |   107 |    17 ||   124
       Tailslap          |    11 |     1 ||    12
       Punch             |     1 |       ||     1
Throw: Dart              |     6 |       ||     6
  Use: Scroll            |     7 |       ||     7
       Potion            |     2 |       ||     2
 Stab: Sleeping          |     1 |       ||     1
Armor: Skin              |    25 |     3 ||    28
Dodge: Dodged            |    64 |    12 ||    76

Table legend: (Time is in decaauts)
 A = Elapsed time spent in this place.
 B = Non-inter-level travel time spent in this place.
 C = Inter-level travel time spent in this place.
 D = Time resting spent in this place.
 E = Time spent auto-exploring this place.
 F = Levels seen in this place.
 G = Mean time per level.
                   A        B        C        D        E       F      G
               +--------+--------+--------+--------+--------+-----+--------+
         Total |   2821 |   2709 |    112 |    780 |   1112 |   3 |  940.3 |
       Dungeon |   2821 |   2709 |    112 |    780 |   1112 |   3 |  940.3 |
               +--------+--------+--------+--------+--------+-----+--------+

Top non-repeatable levels by time:
     D:1: 1518 daAuts
     D:2: 1234 daAuts
     D:3: 69 daAuts
